 Dungeon Crawl Stone Soup version 0.29.1-13-g9f3cf754e1 (webtiles) character file.

Game seed: 17520577984712771352

940 theswoord the Cruncher (level 7, -1/50 HPs)
             Began as a Demonspawn Gladiator on Jan 23, 2023.
             Was a Follower of Wu Jian.
             Slain by Edmund
             ... wielding a +0 dire flail of protection
              (2 damage)
             ... on level 5 of the Dungeon.
             The game lasted 00:04:31 (3822 turns).

theswoord the Cruncher (Demonspawn Gladiator)       Turns: 3822, Time: 00:04:31

Health: -1/50      AC: 12    Str: 17    XL:     7   Next: 88%
Magic:  7/7        EV: 10    Int:  9    God:    Wu Jian [*.....]
Gold:   148        SH:  0    Dex: 14    Spells: 6/6 levels left

rFire   . . .      SeeInvis .   s - +2 quarterstaff (chaos)
rCold   . . .      Faith    .   (shield currently unavailable)
rNeg    . . .      Spirit   .   y - +0 scale mail
rPois   +          Reflect  .   (helmet restricted)
rElec   .          Harm     .   f - +1 cloak {rPois}
rCorr   .          Rampage  .   n - +2 pair of gloves
Will    .....                   m - +0 pair of boots
Stlth   ..........              (no amulet)
HPRegen 0.16/turn               (no ring)
MPRegen 0.10/turn               (no ring)

@: no status effects
A: horns 1, spiny 2
a: Renounce Religion


You were on level 5 of the Dungeon.
You worshipped Wu Jian.
Wu Jian was aware of your devotion.
You visited 1 branch of the dungeon, and saw 5 of its levels.

You collected 148 gold pieces.

Inventory:

Hand Weapons
 a - a +1 quarterstaff
 r - the +7 hammer of Turmoil {freeze, *Corrode *Slow Int+5 Stlth+}
   (You found it on level 2 of the Dungeon)

   It freezes those it strikes, dealing additional cold damage.
   It can also slow down cold-blooded creatures.
   Int:       It affects your intelligence (+5).
   *Corrode:  It may corrode you when you take damage.
   *Slow:     It may slow you when you take damage.
   Stlth:     It makes you more stealthy.
 s - a +2 quarterstaff of chaos (weapon)
Missiles
 d - 2 throwing nets (quivered)
 e - a javelin
 o - 2 silver javelins
Armour
 b - a +0 leather armour
 c - a +0 helmet
 f - a +1 cloak of poison resistance (worn)
 m - a +0 pair of boots (worn)
 n - a +2 pair of gloves (worn)
 y - a +0 scale mail (worn)
Jewellery
 v - a ring of ice
Scrolls
 i - 2 scrolls of teleportation
 p - a scroll of enchant weapon
 q - a scroll of enchant armour
 w - a scroll of amnesia
 x - 3 scrolls of identify
Potions
 g - 2 potions of lignification {unknown}
 h - a potion of might
 j - 2 potions of heal wounds
 k - 2 potions of flight
 l - a potion of curing {unknown}
 t - 2 potions of degeneration {unknown}
 u - 5 potions of brilliance {unknown}


   Skills:
 - Level 2.0 Fighting
 + Level 8.8 Staves
 - Level 1.7 Throwing
 - Level 2.6 Dodging


You had 6 spell levels left.
You didn't know any spells.
Your spell library was empty.

Dungeon Overview and Level Annotations

Branches:
Dungeon (5/15)
 Temple: D:4-7

Altars:
Fedhas
Makhleb
Nemelex Xobeh
Ru
Vehumet
Wu Jian

Annotations:
D:5 Edmund


Innate Abilities, Weirdness & Mutations

You have a pair of small horns on your head.
You are mostly covered in sharp spines.


Message History

The orc completely misses you.
You lunge at the orc priest.
You sock the orc priest!
The orc priest is severely wounded.
The orc barely misses you.
Edmund the Younger comes into view.
He is wielding a +0 dire flail of protection.
The orc priest is struck by your spines.
You kill the orc priest!
The Council accepts your kill.
You spin and attack the orc repeatedly.
You hit the orc. You freeze the orc.
You kill the orc!
The Council accepts your kill.
You see here a +0 flail.
Edmund is nearby!
Edmund is nearby!
Edmund shouts!
Found a stone staircase leading up.
You hit Edmund but do no damage. You hit Edmund but do no damage.
You headbutt Edmund, but do no damage. Edmund is struck by your spines.
Edmund hits you with a +0 dire flail of protection!
* * * LOW HITPOINT WARNING * * *
You hit Edmund. You freeze Edmund.
Edmund is moderately wounded.
Edmund is struck by your spines. Edmund completely misses you.
You hit Edmund.
Edmund easily resists.
You headbutt Edmund, but do no damage.
Edmund is moderately wounded.
Edmund is struck by your spines. Edmund barely misses you.
You hit Edmund. You headbutt Edmund, but do no damage.
Edmund is heavily wounded.
Edmund is struck by your spines.
Edmund hits you with a +0 dire flail of protection!
* * * LOW HITPOINT WARNING * * *
You hit Edmund but do no damage.
Edmund is heavily wounded.
Edmund hits you with a +0 dire flail of protection!
* * * LOW HITPOINT WARNING * * *
You closely miss Edmund. You headbutt Edmund, but do no damage.
Edmund is heavily wounded.
Edmund hits you with a +0 dire flail of protection.
You die...

## #......## ###...
.......## .. #.....
#....#..##.. #....#
##...#......#
#####....###....#.......
#...##......))..........
<....#..................
........................
###.....##).....@.......
........[.......@.......
.........##..#........#.
.........###.##......##
.........# #.....#.....
.......#.........##...<#
#(.##.##........## ...##
###(#..#......#..##....
###....#.##$#.#.......


You could see Edmund.

Vanquished Creatures
  Sigmund (D:2)
  Duvessa (D:5)
  A phantom (D:4)
  A scorpion (D:4)
  Dowan (D:5)
  A howler monkey (D:5)
  A crimson imp (D:3)
  A hound (D:3)
  Crazy Yiuf (D:2)
  3 orc priests
  Natasha (thrice) (D:2)
  An iguana (D:5)
  An orc wizard (D:3)
  4 adders
  4 worms
  2 dart slugs
  12 orcs
  7 bats
  4 endoplasms
  2 giant cockroaches
  6 goblins
  11 hobgoblins
  12 jackals
  4 kobolds
  3 quokkas
  4 ball pythons
  2 frilled lizards
  2 rats
96 creatures vanquished.

Notes
Turn   | Place    | Note
-------+----------+-------------------------------------------
     0 | D:1      | theswoord the Demonspawn Gladiator began the quest for the
                  | Orb.
     0 | D:1      | Reached XP level 1. HP: 16/16 MP: 1/1
   189 | D:1      | Reached skill level 3 in Staves
   204 | D:1      | Gained mutation: You are partially covered in sharp spines.
                  | [demonic ancestry]
   204 | D:1      | Reached XP level 2. HP: 15/22 MP: 2/2
   965 | D:2      | Gained mutation: You have a pair of small horns on your
                  | head. [demonic ancestry]
   965 | D:2      | Reached XP level 3. HP: 27/27 MP: 3/3
  1045 | D:2      | Reached skill level 4 in Staves
  1185 | D:2      | Noticed Natasha
  1189 | D:2      | Killed Natasha
  1308 | D:2      | Noticed Natasha
  1317 | D:2      | Killed Natasha
  1318 | D:2      | Gained mutation: You are mostly covered in sharp spines.
                  | [demonic ancestry]
  1318 | D:2      | Reached XP level 4. HP: 16/33 MP: 4/4
  1612 | D:2      | Noticed Sigmund
  1630 | D:2      | Killed Sigmund
  1631 | D:2      | Reached skill level 6 in Staves
  1631 | D:2      | Reached XP level 5. HP: 18/38 MP: 5/5
  1921 | D:2      | Found a runed translucent door.
  1922 | D:2      | Noticed Crazy Yiuf
  1924 | D:2      | Identified the +7 hammer of Turmoil {freeze, *Corrode *Slow
                  | Int+5 Stlth+}
  1929 | D:2      | Killed Crazy Yiuf
  1930 | D:2      | Reached XP level 6. HP: 28/44 MP: 6/6
  2095 | D:2      | Noticed Natasha
  2100 | D:2      | Killed Natasha
  2516 | D:3      | Found an ornate altar of the Wu Jian Council.
  2536 | D:3      | Became a worshipper of the Wu Jian Council
  2611 | D:3      | Reached skill level 7 in Staves
  2700 | D:3      | Found a faded altar of an unknown god.
  2704 | D:3      | Found a sparkling altar of Nemelex Xobeh.
  2722 | D:3      | Found a burning altar of Makhleb.
  2722 | D:3      | Found a radiant altar of Vehumet.
  3028 | D:4      | Found a sacrificial altar of Ru.
  3072 | D:4      | Reached XP level 7. HP: 50/50 MP: 7/7
  3147 | D:4      | Reached * piety under Wu Jian
  3518 | D:4      | Found a blossoming altar of Fedhas.
  3680 | D:5      | Entered Level 5 of the Dungeon
  3719 | D:5      | Reached skill level 8 in Staves
  3739 | D:5      | Noticed Duvessa
  3742 | D:5      | Noticed Dowan
  3745 | D:5      | Killed Duvessa
  3749 | D:5      | Killed Dowan
  3792 | D:5      | Identified the +2 leather armour "Mockeb Oquuwk" {Rampage
                  | Will+}
  3800 | D:5      | Noticed Edmund
  3821 | D:5      | HP: 1/50 [Edmund/+0 dire flail of protection (9)]
  3822 | D:5      | Slain by Edmund

Skill      XL: |  1  2  3  4  5  6  7 |
---------------+----------------------+-----
Staves         | 3 4 6 7 8 |  8.8
Fighting       | |  2.0
Throwing       | |  1.7
Dodging        | |  2.6

Action                   |  1- 3 |  4- 6 |  7- 9 || total
-------------------------+-------+-------+-------++-------
Melee: Quarterstaff      |    75 |    72 |    43 ||   190
       Headbutt          |     1 |     8 |    10 ||    19
Throw: Throwing net      |       |     1 |       ||     1
Invok: Lunge             |       |     6 |     4 ||    10
       Whirlwind         |       |       |     1 ||     1
  Use: Scroll            |     5 |     3 |     2 ||    10
 Stab: Sleeping          |     1 |     1 |       ||     2
       Paralysed         |       |       |     1 ||     1
Armor: Leather armour    |    34 |    10 |     6 ||    50
       Scale mail        |       |       |     4 ||     4
Dodge: Dodged            |    56 |    18 |    11 ||    85

Levels and vault maps discovered:
D:1:      roderic_crossed_star, layout_basic
D:2:      layout_basic, nicolae_eternal_life, uniq_natasha,
          uniq_crazy_yiuf_cottage, uniq_sigmund
D:3:      layout_basic, grunt_temple_overflow_lords_of_destruction,
          mainiacjoe_overflow_boulevard, nicolae_overflow_ecumenical_swirl
D:4:      layout_loops_ring, mainiacjoe_overflow_paths,
          mainiacjoe_overflow_24_doors
D:5:      layout_cave_pools, lemuel_zombie_altar_yredelemnul, lemuel_tele_altar,
          hellmonk_bongcloud_opening, grunt_ministairs_14, uniq_edmund,
          uniq_blork_the_orc, uniq_duvessa
